 Dungeon Crawl Stone Soup version 0.24-a0-380-g7ade4d1b3c (webtiles) character file.

Game seed: 8070334246997890954

59 Napalmbreeze the Magician (level 3, 0/19 HPs)
             Began as a Deep Elf Fire Elementalist on June 3, 2019.
             Slain by an orc (3 damage)
             ... on level 4 of the Dungeon.
             The game lasted 00:05:45 (1622 turns).

Napalmbreeze the Magician (DEFE)                    Turns: 1622, Time: 00:05:45

Health: 0/19       AC:  4    Str:  5    XL:     3   Next: 78%
Magic:  11/11      EV: 13    Int: 20    God:
Gold:   43         SH:  0    Dex: 15    Spells: 5/11 levels left

rFire    . . .     SeeInvis .   j - +4 dagger (venom)
rCold    + . .     Gourm    .   (no shield)
rNeg     . . .     Faith    .   e - +0 robe {rC+}
rPois    .         Spirit   .   (no helmet)
rElec    .         Reflect  .   (no cloak)
rCorr    .         Harm     .   (no gloves)
MR       .....                  l - +1 pair of boots
Stlth    ++........             (no amulet)
HPRegen  0.06/turn              (no ring)
MPRegen  0.12/turn              (no ring)

@: very slightly contaminated, invisible
A: no striking features
a: no special abilities


You were on level 4 of the Dungeon.
You were hungry.

You visited 1 branch of the dungeon, and saw 3 of its levels.

You collected 43 gold pieces.

Inventory:

Hand Weapons
 j - a +4 dagger of venom (weapon)
Armour
 a - a +0 robe
 b - a cursed +0 buckler
 e - a +0 robe of cold resistance (worn)
 l - a +1 pair of boots (worn)
Scrolls
 d - 2 scrolls of remove curse
 h - 2 scrolls of identify
Comestibles
 c - 2 rations
 k - 3 chunks of flesh


   Skills:
 - Level 2.4 Dodging
 - Level 2.4 Stealth
 * Level 4.6 Spellcasting
 + Level 2.1 Conjurations
 + Level 3.9 Fire Magic


You had 5 spell levels left.
You knew the following spells:

 Your Spells              Type           Power        Failure   Level  Hunger
a - Flame Tongue          Conj/Fire      ###..        3%          1    None
d - Conjure Flame         Conj/Fire      ###.....     11%         3    ##.....
s - Throw Flame           Conj/Fire      ###...       5%          2    #......

Your spell library contained the following spells:

 Spells                   Type           Power        Failure   Level  Hunger
 Inner Flame              Hex/Fire       ##......     16%         3    ##.....
 Sticky Flame             Conj/Fire      ###.....     34%         4    ####...
 Fireball                 Conj/Fire      ###.......   67%         5    ######.


Dungeon Overview and Level Annotations

Branches:
Dungeon (2/15)

Altars:
Dithmenos
Fedhas


Message History

As you read the scroll labeled QUPLOPN COZOOL, it crumbles to dust.
You feel aware of your surroundings.
You sensed 2 altars.
It was a scroll of magic mapping.
As you read the scroll labeled ULEWIM QOYFU, it crumbles to dust.
You feel strangely unstable.
It was a scroll of teleportation.
It was a potion of invisibility.
You fade into invisibility!
The orc barely misses you.
You are very lightly contaminated with residual magic.
The orc closely misses you.
Your surroundings suddenly seem different. 4 orcs and an orc priest come into view.
The orc shouts!
The orc priest shouts!
A scorpion comes into view.
An iguana comes into view.
Found a ring mail.
Found a stone staircase leading up.
You are feeling hungry.
The orc hits you.
You die...

**,....[,,** **...#* **,**
*,,*#...*** *#...# **,*
**,,**#..* *#..oo## ***
,,,,* #..######..o#..#
**..###..............#
,,.ls.......#####ooo.###
,,,...##..### *#.....#
****,,*##..# ##o....#* *
*,** ##.#####@<....#* *,*
#..#..........# *** ***,*
##...######.#.#* *,*
**,,,** #..## *,,.#,***,*
*,,,,,****#..# **,,,,*,*,**
,,,,,,,,,....#*
**,,,,,,,,**
,,,,,>**##....***,,,***,,**
,,,,,,***......,,,,,,*****
,,,,,,,,.......,,,,,,,,,*


You could see an orc priest (wandering) and 2 orcs.

Vanquished Creatures
  3 dart slugs
  A leopard gecko (D:2)
  8 bats (D:1)
  4 giant cockroaches
  10 hobgoblins
  7 kobolds (D:1)
  A frilled lizard (D:2)
  8 goblins
  3 rats (D:1)
45 creatures vanquished.

Notes
Turn   | Place    | Note
-------+----------+-------------------------------------------
     0 | D:1      | Napalmbreeze the Deep Elf Fire Elementalist began the quest
                  | for the Orb.
     0 | D:1      | Reached XP level 1. HP: 10/10 MP: 6/6
   170 | D:1      | Reached XP level 2. HP: 15/15 MP: 4/8
   333 | D:1      | Learned a level 2 spell: Throw Flame
   531 | D:1      | Reached skill level 4 in Spellcasting
   661 | D:1      | Reached XP level 3. HP: 19/19 MP: 8/10
   767 | D:1      | Learned a level 3 spell: Conjure Flame
  1348 | D:2      | Found a blossoming altar of Fedhas.
  1593 | D:2      | Found a shadowy altar of Dithmenos.
  1594 | D:2      | You fall into a shaft and drop 2 floors!
  1595 | D:4      | Noticed an ogre
  1610 | D:4      | Noticed a scorpion
  1622 | D:4      | Slain by an orc

Levels and vault maps discovered:
D:1:      dpeg_arrival_morbid_curiosity, layout_loops_ring, minmay_3d_cube
D:2:      layout_rooms, fedhas_altar_1,
          nicolae_dithmenos_through_a_glass_darkly, nemelex_altar_shiori,
          due_unseen_surprise, uniq_natasha
D:4:      layout_layer_cave, overflow_temple_1_default, lemuel_crystal_altar

Skill      XL: |  1  2  3 |
---------------+----------+-----
Spellcasting   | 4 |  4.6
Conjurations   | 2 |  2.1
Dodging        | |  2.4
Stealth        | |  2.4
Fire Magic     | |  3.9

Action                   || total
-------------------------++-------
 Cast: Flame Tongue      ||    49
       Throw Flame       ||    29
  Use: Scroll            ||     3
       Potion            ||     1
  Eat: Chunk             ||     2
Armor: Robe              ||     6
Dodge: Dodged            ||    22

Table legend:
 A = Non-vault XP
 B = Vault XP
 C = Vault XP percentage of total XP
 D = Non-vault monster count
 E = Vault monster count
 F = Vault count percentage of total count
                 A         B        C        D         E       F
            +---------+---------+-------+---------+---------+-------
      Total |      72 |      13 |  15.3 |      37 |       8 |  17.8
            +---------+---------+-------+---------+---------+-------
        D:1 |      52 |      13 |  20.0 |      29 |       8 |  21.6
        D:2 |      20 |       0 |   0.0 |       8 |       0 |   0.0
            +---------+---------+-------+---------+---------+-------
